 Dungeon Crawl Stone Soup version 0.27-a0-830-ga1c911b (webtiles) character file.

Game seed: 14946392802706660265

8836 2tousent the Skirmisher (level 11, -14/83 HPs)
             Began as a Demonspawn Monk on Mar 30, 2021.
             Was an Elder of Dithmenos.
             Shot with an arrow by a centaur warrior (20 damage)
             ... on level 9 of the Dungeon.
             The game lasted 00:33:35 (11585 turns).

2tousent the Skirmisher (Demonspawn Monk)          Turns: 11585, Time: 00:33:38

Health: -14/83     AC: 11    Str: 12    XL:     11   Next: 15%
Magic:  12/14      EV: 15    Int: 14    God:    Dithmenos [****..]
Gold:   438        SH:  4    Dex: 18    Spells: 12/20 levels left

rFire    . . .     SeeInvis .   f - +5 dagger (speed)
rCold    . . .     Faith    .   (no shield)
rNeg     . . .     Spirit   .   b - +1 robe
rPois    .         Reflect  .   (helmet restricted)
rElec    .         Harm     .   x - +0 cloak
rCorr    .         Rampage  .   (no gloves)
Will     .....                  m - +2 pair of boots
Stlth    +++++.....             (no amulet)
HPRegen  0.23/turn              (no ring)
MPRegen  0.14/turn              (no ring)

@: wreathed by umbra
A: horns 1, icemail 1, big brain 1, condensation shield, demonic magic 2, talons
1, low mp 2
a: Renounce Religion, Shadow Step


You were on level 9 of the Dungeon.
You worshipped Dithmenos.
Dithmenos was greatly pleased with you.
You visited 2 branches of the dungeon, and saw 10 of its levels.
You also visited: Ossuary.

You collected 502 gold pieces.
You spent 64 gold pieces at shops.

Inventory:

Hand Weapons
 a - a +0 spear
 f - a +5 dagger of speed (weapon)
 i - a +2 dagger of pain
Armour
 b - a +1 robe (worn)
 e - a +0 pair of boots
 m - a +2 pair of boots (worn)
 x - a +0 cloak (worn)
Jewellery
 o - a ring of resist corrosion
Wands
 g - a wand of polymorph (4)
 k - a wand of flame (21)
 s - a wand of paralysis (10)
 t - a wand of acid (4)
 v - a wand of mindburst (12)
 z - a wand of digging (7)
Scrolls
 j - 2 scrolls of teleportation
 r - 2 scrolls of enchant armour
 y - a scroll of fear {unknown}
Potions
 c - 5 potions of curing
 d - 3 potions of degeneration
 h - 5 potions of attraction
 l - 2 potions of ambrosia
 n - 5 potions of resistance
 p - 3 potions of lignification
 q - 4 potions of brilliance
 w - a potion of magic


   Skills:
 + Level 6.6 Fighting
 * Level 5.3 Short Blades
 - Level 2.6 Polearms
 + Level 5.9 Dodging
 + Level 6.0 Stealth
 + Level 5.1 Spellcasting
 + Level 5.9 Hexes
 - Level 3.4 Translocations
 * Level 5.1 Transmutations
 - Level 3.0 Ice Magic
 * Level 5.1 Earth Magic


You had 12 spell levels left.
You knew the following spells:

 Your Spells              Type           Power      Damage    Failure   Level
a - Ensorcelled Hibernat  Hex/Ice        32%        N/A       4%          2
b - Blink                 Tloc           N/A        N/A       6%          2
c - Petrify               Tmut/Erth      18%        N/A       21%         4

Your spell library contained the following spells:

 Spells                   Type           Power      Damage    Failure   Level
 Corona                   Hex            22%        N/A       1%          1
 Sandblast                Erth           34%        2d9       2%          1
 Slow                     Hex            20%        N/A       2%          2
 Passwall                 Tmut/Erth      15%        N/A       3%          2
 Portal Projectile        Hex/Tloc       32%        N/A       8%          3
 Dazzling Flash           Conj/Hex       22%        N/A       16%         3
 Magic Dart               Conj           12%        1d3       17%         1
 Leda's Liquefaction      Hex/Erth       9%         N/A       17%         4
 Stone Arrow              Conj/Erth      20%        3d8       19%         3
 Call Imp                 Summ           3%         N/A       26%         2
 Searing Ray              Conj           6%         3d3       26%         2
 Swiftness                Air            3%         N/A       26%         2
 Ice Form                 Ice/Tmut       15%        N/A       32%         4
 Conjure Flame            Conj/Fire      3%         6-21      45%         3
 Mephitic Cloud           Conj/Pois/Air  3%         N/A       45%         3
 Fulminant Prism          Conj/Hex       5%         3d7       45%         4
 Lee's Rapid Deconstruct  Erth           8%         3d8*      52%         5
 Metabolic Englaciation   Hex/Ice        8%         N/A       58%         5
 Iskenderun's Mystic Bla  Conj/Tloc      8%         2d4       63%         4
 Airstrike                Air            1%         N/A       86%         4
 Freezing Cloud           Conj/Ice/Air   3%         6-21      100%        6
 Simulacrum               Ice/Necr       3%         N/A       100%        6
 Ozocubu's Refrigeration  Ice            5%         4d6       100%        7


Dungeon Overview and Level Annotations

Branches:
Dungeon (9/15)             Temple (1/1) D:4         Ossuary (visited)
   Lair: D:8-11         Orc: D:9-12

Altars:
Ashenzari
Cheibriados
Dithmenos
Elyvilon
Fedhas
Gozag
Hepliaklqana
Kikubaaqudgha
Makhleb
Nemelex Xobeh
Okawaru
Qazlal
Ru
Sif Muna
Trog
Uskayaw
Vehumet
Wu Jian
Xom
Yredelemnul
Zin
The Shining One

Shops:
D:3 *[   D:4 *   D:6 [

Annotations:
D:5 1 runed translucent door, Caerwyn's ghost, amateur DsVM


Innate Abilities, Weirdness & Mutations

You have a pair of small horns on your head.
A meltable icy envelope protects you from harm. (AC +4)
You have an unusually large brain. (Int +2)
A meltable shield of frost defends you. (SH +4)
Spells you cast may paralyse nearby enemies.
You have sharp toenails.
Your magical capacity is very low. (-20% MP)


Message History

Key pressed, stopping explore.
A centaur warrior comes into view. It is wielding a +3 whip of freezing.
A centaur warrior is nearby!
You start resting.
A centaur warrior is nearby!
A centaur warrior is nearby!
Casting: Blink (safe; 6% risk of failure)
Confirm with . or Enter, or press ? or * to list all spells.
Aiming: Ensorcelled Hibernation (safe; 4% risk of failure)
Press: ? - help, Shift-Dir - straight line, f - centaur warrior
Aim: a centaur warrior, wielding a +3 whip of freezing and quivering arrows (wandering, hasn't noticed you, chance to affect: 29%)
Okay, then.
Casting: Ensorcelled Hibernation (safe; 4% risk of failure)
Confirm with . or Enter, or press ? or * to list all spells.
You blink.
Malevolent energies surge around you.
The centaur warrior unwields a +3 whip of freezing.
The centaur warrior wields a +0 shortbow.
The centaur warrior shoots an arrow.
The arrow hits you!
A centaur warrior comes into view.
It is wielding a +1 falchion of holy wrath.
The centaur warrior shouts!
The centaur warrior shoots an arrow.
You block the arrow.
Casting: Blink (safe; 6% risk of failure)
Confirm with . or Enter, or press ? or * to list all spells.
Aiming: Petrify (dangerous; 21% risk of failure)
Press: ? - help, Shift-Dir - straight line, f - centaur warrior
Aim: a centaur warrior, wielding a +0 shortbow and quivering arrows (umbra, chance to affect: 31%)
The centaur warrior easily resists.
Malevolent energies surge around you.
The centaur warrior shoots an arrow.
The arrow hits you!
* * * LOW HITPOINT WARNING * * *
The centaur warrior shoots an arrow.
The arrow hits you!
* * * LOW HITPOINT WARNING * * *
Unknown command.
Okay, then.
It was a potion of mutation.
You feel extremely strange.
You feel less energetic. x2; Your toenails lengthen and sharpen.
The centaur warrior unwields a +1 falchion of holy wrath.
It stops glowing.
The centaur warrior wields a +0 longbow.
The centaur warrior shoots an arrow.
The arrow hits you!!
You die...

# #....# ########## # #....#
#........c
##########....#####.....#.♣.
..............'.......>.....
..............#.........♣.♣.
..........................._
..........#.#.#<##......♣.♣.
...)......#.#.####..c.......
.........)#.#...@...c...#.♣.
.)###)#####.###########.....
..# #.#####........ .Z...
..###....##c###..## #..#
................... ..
....############### .
...#.........#
...#.#.#.#.#.# ...###.#.#


You could see 2 centaur warriors.

Vanquished Creatures
  A hydra (D:9)
  Erica (D:9)
  A two-headed ogre (D:9)
  Pikel (D:6)
  Maurice (D:9)
  Maggie (D:7)
  Psyche (D:9)
  4 yaks (D:8)
  Grum (D:9)
  2 water moccasins
  Duvessa (D:4)
  An ice beast (D:6)
  4 orc warriors
  A sky beast (D:8)
  2 ogres
  3 necrophages
  A lemure (D:6)
  2 wolves (D:9)
  3 centaurs
  2 kobold brigands
  A gnoll sergeant (D:9)
  2 bullfrogs
  8 scorpions
  Dowan (D:4)
  2 wyvern zombies
  A water moccasin skeleton (D:4)
  9 wights (D:6)
  3 electric eels (D:6)
  5 howler monkeys
  3 orc priests
  A bullfrog zombie (D:5)
  4 centaur zombies
  5 hounds
  4 human zombies (Ossuary)
  2 centaur skeletons
  A jelly (D:6)
  A bullfrog skeleton (D:5)
  3 iguanas
  3 scorpion zombies (Ossuary)
  7 orc wizards
  4 mummies
  4 gnolls (D:9)
  A howler monkey zombie (D:8)
  A howler monkey skeleton (D:5)
  4 adders
  A shadow imp (D:5)
  An ufetubus (D:4)
  2 dart slugs
  22 orcs
  4 ball pythons
  7 endoplasms
  5 giant cockroaches
  8 goblins
  6 hobgoblins
  4 jackals
  2 quokkas
  2 bats (D:3)
  5 frilled lizards
  2 gnoll zombies (Ossuary)
  2 goblin zombies
  11 kobolds
  7 kobold zombies
  2 orc zombies (Ossuary)
  4 rats
211 creatures vanquished.

Vanquished Creatures (others)
  5 dream sheep (D:5)
  15 plants (D:6)
  2 withered plants (D:5)
22 creatures vanquished.

Grand Total: 233 creatures vanquished

Notes
Turn   | Place    | Note
-------+----------+-------------------------------------------
     0 | D:1      | 2tousent the Demonspawn Monk began the quest for the Orb.
     0 | D:1      | Reached XP level 1. HP: 18/18 MP: 1/1
   350 | D:1      | Gained mutation: Spells you cast may paralyse adjacent
                  | enemies. [demonic ancestry]
   350 | D:1      | Reached XP level 2. HP: 17/24 MP: 2/2
   597 | D:1      | Identified Gingelal's Almanac of Cloudy Enchantment
  1124 | D:1      | Reached XP level 3. HP: 29/29 MP: 3/3
  1127 | D:1      | Learned a level 2 spell: Ensorcelled Hibernation
  1795 | D:3      | Reached skill level 1 in Spellcasting
  1795 | D:3      | Gained mutation: A meltable shield of frost defends you.
                  | (SH +4) [demonic ancestry]
  1795 | D:3      | Reached XP level 4. HP: 35/37 MP: 3/5
  1885 | D:3      | Reached skill level 1 in Hexes
  2221 | D:3      | Found Eresk's General Store.
  2276 | D:3      | Found Roloaride's Armour Shop.
  2388 | D:3      | Reached XP level 5. HP: 42/42 MP: 6/6
  2388 | D:3      | Noticed a necrophage
  2409 | D:3      | Killed a necrophage
  2410 | D:3      | Reached skill level 1 in Ice Magic
  2803 | D:4      | Found a staircase to the Ecumenical Temple.
  2826 | D:4      | Reached XP level 6. HP: 36/48 MP: 8/8
  2962 | Temple   | Entered the Ecumenical Temple
  3144 | Temple   | Became a worshipper of Dithmenos the Shadowed
  3144 | Temple   | Reached * piety under Dithmenos
  3144 | Temple   | Reached ** piety under Dithmenos
  3246 | D:4      | Found Rytocw's Assorted Antiques.
  3250 | D:4      | Identified the +1 leather armour "Vussetu" {Harm +Blink}
  3253 | D:4      | Bought a scroll labelled ZUZIAQ QUHITAO for 32 gold pieces
  3253 | D:4      | Bought a scroll labelled ZOCOCU IRUFU for 32 gold pieces
  3260 | D:4      | Noticed Dowan
  3262 | D:4      | Noticed Duvessa
  3275 | D:5      | Entered Level 5 of the Dungeon
  3673 | D:5      | Found a sand-covered staircase.
  3681 | Ossuary  | Entered an ossuary
  3685 | Ossuary  | Learned a level 2 spell: Blink
  3707 | Ossuary  | Reached XP level 7. HP: 55/55 MP: 7/10
  3884 | Ossuary  | Reached skill level 1 in Translocations
  4646 | Ossuary  | Gained mutation: A meltable icy envelope protects you from
                  | harm. (AC +4) [demonic ancestry]
  4646 | Ossuary  | Reached XP level 8. HP: 36/61 MP: 6/12
  5222 | D:5      | Reached *** piety under Dithmenos
  5401 | D:5      | Noticed a dream sheep
  5401 | D:5      | Noticed a dream sheep
  5401 | D:5      | Noticed a dream sheep
  5401 | D:5      | Noticed a dream sheep
  5401 | D:5      | Noticed a dream sheep
  5401 | D:5      | Found a shimmering altar of Xom.
  5406 | D:5      | Killed a dream sheep
  5406 | D:5      | Killed a dream sheep
  5406 | D:5      | Killed a dream sheep
  5406 | D:5      | Killed a dream sheep
  5407 | D:5      | Killed a dream sheep
  5559 | D:5      | Found a runed translucent door.
  5559 | D:5      | Noticed Caerwyn's ghost (amateur DsVM)
  5875 | D:5      | Reached skill level 5 in Fighting
  6262 | D:4      | Killed Duvessa
  6279 | D:4      | Killed Dowan
  6493 | D:4      | Reached skill level 1 in Short Blades
  6680 | D:4      | Learned a level 4 spell: Petrify
  6836 | D:6      | Noticed Pikel
  7049 | D:6      | Reached skill level 1 in Transmutations
  7049 | D:6      | Reached skill level 1 in Earth Magic
  7118 | D:6      | Gained mutation: You have an unusually large brain. (Int
                  | +2) [demonic ancestry]
  7118 | D:6      | Reached XP level 9. HP: 44/63 MP: 14/14
  7376 | D:6      | Killed Pikel
  7689 | D:6      | Reached skill level 5 in Dodging
  7768 | D:6      | Found Adeastrave's Armour Emporium.
  8279 | D:6      | Reached skill level 5 in Hexes
  8422 | D:7      | Noticed Maggie
  8443 | D:7      | Killed Maggie
  8444 | D:7      | Reached skill level 5 in Stealth
  8945 | D:7      | Gained mutation: You have a pair of small horns on your
                  | head. [demonic ancestry]
  8945 | D:7      | Reached XP level 10. HP: 72/76 MP: 16/16
  9815 | D:8      | Reached **** piety under Dithmenos
 10383 | D:9      | Noticed Grum
 10752 | D:9      | Killed Grum
 10862 | D:9      | Noticed Psyche
 10864 | D:9      | Found an iron altar of Okawaru.
 11078 | D:9      | Noticed Erica
 11094 | D:9      | Killed Erica
 11164 | D:9      | Killed Psyche
 11178 | D:9      | Noticed Maurice
 11183 | D:9      | Killed Maurice
 11184 | D:9      | Reached skill level 5 in Short Blades
 11342 | D:9      | Noticed a two-headed ogre
 11352 | D:9      | Killed a two-headed ogre
 11353 | D:9      | Reached skill level 5 in Spellcasting
 11353 | D:9      | Reached skill level 5 in Transmutations
 11353 | D:9      | Reached skill level 5 in Earth Magic
 11353 | D:9      | Gained mutation: Spells you cast may paralyse nearby
                  | enemies. [demonic ancestry]
 11353 | D:9      | Reached XP level 11. HP: 62/83 MP: 18/18
 11446 | D:9      | Noticed a four-headed hydra
 11446 | D:9      | Noticed a death knight
 11457 | D:9      | Killed a four-headed hydra
 11460 | D:9      | Noticed a boulder beetle
 11471 | D:9      | Noticed a centaur warrior
 11560 | D:9      | Noticed a centaur warrior
 11582 | D:9      | Noticed a centaur warrior
 11585 | D:9      | Gained mutation: Your magical capacity is low. (-10% MP)
                  | [potion of mutation]
 11585 | D:9      | Gained mutation: Your magical capacity is very low. (-20%
                  | MP) [potion of mutation]
 11585 | D:9      | Gained mutation: You have sharp toenails. [potion of
                  | mutation]
 11585 | D:9      | Shot with an arrow by a centaur warrior

Illustrated notes

Levels and vault maps discovered:
D:1:      heliophobic_arrival_henge, layout_basic, serial_glass,
          glass_columns_b, glass_columns_b, glass_columns_c, glass_columns_a,
          glass_columns_a, glass_columns_a, glass_columns_a, glass_columns_b,
          glass_columns_b, glass_columns_b, due_unseen_surprise,
          minmay_strange_pillars, feat_on_display
D:2:      layout_basic, minmay_misc_feat_five
D:3:      layout_basic, serial_shops, shop_fountains, nicolae_shop_waterfront,
          serial_park_tiny_2, minmay_misc_feat_x
D:4:      layout_rooms, nicolae_overflow_crystal_walls,
          minmay_temple_entry_glass, serial_shops, nicolae_shop_statue_plus,
          uniq_duvessa
D:5:      layout_basic, gammafunk_ghost_grave, nicolae_ossuary_entry_giza,
          kb_xom_exploding_sheep
D:6:      layout_basic, serial_bayou, serial_bayou_pond_a, serial_bayou_ford_a,
          serial_bayou_pond_e, serial_bayou_shore_b, serial_shops, shop,
          hangedman_decor_lopped, amcnicky_altar_gilded, uniq_pikel
D:7:      layout_rooms, uniq_maggie
D:8:      layout_cave_pods
D:9:      minmay_the_grid_triangle_9x9_recursive_2
          [minmay_the_grid_triangle_9x9_prize_center,
          minmay_the_grid_triangle_9x9_steps,
          minmay_the_grid_triangle_9x9_from_above,
          minmay_the_grid_triangle_9x9_empty], layout_basic, okawaru_trees_1,
          uniq_erica, uniq_maurice, uniq_grum, uniq_psyche
Temple:   regret_index_temple_chain_breaker

Skill      XL: |  1  2  3  4  5  6  7  8  9 10 11 |
---------------+----------------------------------+-----
Dodging        | 3 4 5 |  5.9
Stealth        | 2 3 4 5 6 |  6.0
Spellcasting   | 1 2 3 4 5 |  5.1
Hexes          | 1 2 3 4 5 |  5.9
Fighting       | 4 5 6 |  6.6
Ice Magic      | 1 2 3 |  3.0
Translocations | 2 3 |  3.4
Short Blades   | 1 3 5 |  5.3
Transmutations | 1 3 5 |  5.1
Earth Magic    | 1 3 5 |  5.1
Polearms       | |  2.6

Action                   |  1- 3 |  4- 6 |  7- 9 | 10-12 || total
-------------------------+-------+-------+-------+-------++-------
Melee: Spear             |    30 |       |       |       ||    30
       Dagger            |    66 |   157 |   531 |   175 ||   929
       Headbutt          |       |       |       |    40 ||    40
 Cast: Ensorcelled Hiber |       |     5 |    29 |    36 ||    70
       Blink             |       |       |     2 |     5 ||     7
       Petrify           |       |       |       |     2 ||     2
Invok: Shadow Step       |       |       |     2 |       ||     2
Evoke: Wand              |       |       |     6 |     2 ||     8
  Use: Scroll            |     4 |     2 |     9 |     5 ||    20
       Potion            |       |       |     3 |     2 ||     5
 Stab: Sleeping          |     5 |     7 |    31 |    19 ||    62
       Distracted        |     2 |       |     1 |     1 ||     4
       Paralysed         |       |     4 |     8 |    12 ||    24
       Petrified         |       |       |       |     4 ||     4
Armor: Robe              |    13 |    23 |    59 |    33 ||   128
Dodge: Dodged            |    44 |    73 |   205 |    87 ||   409
Block: Other             |       |    20 |    42 |    22 ||    84

Table legend: (Time is in decaauts)
 A = Elapsed time spent in this place.
 B = Non-inter-level travel time spent in this place.
 C = Inter-level travel time spent in this place.
 D = Time resting spent in this place.
 E = Time spent auto-exploring this place.
 F = Levels seen in this place.
 G = Mean time per level.
                   A        B        C        D        E       F      G
               +--------+--------+--------+--------+--------+-----+--------+
         Total |  11259 |  10917 |    342 |    378 |   8712 |  11 | 1023.5 |
       Dungeon |   9643 |   9315 |    328 |    363 |   7428 |   9 | 1071.4 |
        Temple |    197 |    183 |     14 |      0 |    165 |   1 |  197.0 |
       Ossuary |   1418 |   1418 |      0 |     15 |   1119 |   1 | 1418.0 |
               +--------+--------+--------+--------+--------+-----+--------+

Top non-repeatable levels by time:
     D:6: 1593 daAuts
     D:5: 1541 daAuts
 Ossuary: 1418 daAuts
     D:8: 1242 daAuts
     D:1: 1210 daAuts
     D:9: 1022 daAuts
     D:4: 842 daAuts
     D:3: 833 daAuts
     D:7: 804 daAuts
     D:2: 553 daAuts
  Temple: 197 daAuts
